 Dungeon Crawl Stone Soup version 0.28.0-47-ge53b351184 (webtiles) character file.

Game seed: 8404303306931959532

1440 Icepheonix32 the Chiller (level 8, 0/91 HPs)
             Began as a Demonspawn Ice Elementalist on Apr 25, 2022.
             Slain by a wyvern zombie (7 damage)
             ... on level 6 of the Dungeon.
             The game lasted 00:09:10 (6492 turns).

Icepheonix32 the Chiller (DsIE)                     Turns: 6492, Time: 00:09:11

Health: 0/91       AC: 31    Str: 10    XL:     8   Next: 46%
Magic:  5/11       EV:  2    Int: 16    God:
Gold:   249        SH:  0    Dex: 15    Spells: 4/11 levels left

rFire   . . .      SeeInvis .   q - +0 hand axe
rCold   . . .      Faith    .   (no shield)
rNeg    . . .      Spirit   .   (armour currently unavailable)
rPois   +          Reflect  .   (helmet unavailable)
rElec   .          Harm     .   (cloak currently unavailable)
rCorr   .          Rampage  .   (gloves currently unavailable)
Will    +....      NoTele   +   (boots currently unavailable)
Stlth   ++........              (no amulet)
HPRegen 0.25/turn               f - ring of wizardry
MPRegen 0.12/turn               u - ring of willpower

@: ice-armoured, tree-form, studying Axes
A: stationary, stasis, torment immunity, boosted hp, (antennae 3), (sturdy frame
2)
a: no special abilities


You were on level 6 of the Dungeon.
You were a tree.
You visited 1 branch of the dungeon, and saw 6 of its levels.

You collected 249 gold pieces.

Inventory:

Hand Weapons
 c - a +2 dagger of venom
 k - a +0 falchion of distortion
 p - a +0 war axe
 q - a +0 hand axe (weapon)
 t - a +1 spear of flaming
Missiles
 b - 11 boomerangs
Armour
 d - a +1 ring mail of willpower
 r - a +2 ring mail of cold resistance (melded)
 s - a +0 cloak (melded)
Jewellery
 f - a ring of wizardry (left branch)
 u - a ring of willpower (right branch)
 y - an amulet of regeneration
Wands
 m - a wand of charming (7)
Scrolls
 h - a scroll of fear
 i - 3 scrolls of magic mapping {unknown}
 n - 2 scrolls of teleportation {unknown}
 o - a scroll of silence
 w - a scroll of enchant armour {unknown}
Potions
 e - 2 potions of haste {unknown}
 g - 2 potions of berserk rage
 j - a potion of attraction {unknown}
 l - a potion of brilliance {unknown}
 v - a potion of flight {unknown}
 x - a potion of degeneration {unknown}


   Skills:
 * Level 4.9 Fighting
 + Level 4.3 Axes
 + Level 3.1 Armour
 + Level 2.8 Dodging
 - Level 1.7 Stealth
 - Level 2.0 Spellcasting
 + Level 7.5 Ice Magic


You had 4 spell levels left.
You knew the following spells:

 Your Spells              Type           Power      Damage    Failure   Level
a - Freeze                Ice            100%       1d11      1%          1
b - Ozocubu's Armour      Ice            25%        N/A       1%          3
c - Frozen Ramparts       Ice            50%        1d7       1%          3

Your spell library contained the following spells:

 Spells                   Type           Power      Damage    Failure   Level
 Sublimation of Blood     Necr           1%         N/A       12%         2
 Wereblood                Tmut           1%         N/A       12%         2
 Hailstorm                Conj/Ice       13%        3d5       17%         4
 Tukima's Dance           Hex            1%         N/A       24%         3
 Airstrike                Air            0%         N/A       58%         4
 Passage of Golubria      Tloc           1%         N/A       58%         4
 Summon Lightning Spire   Summ/Air       1%         N/A       58%         4
 Lightning Bolt           Conj/Air       0%         1d11      89%         5
 Yara's Violent Unravell  Hex/Tmut       0%         3d3       89%         5
 Summon Hydra             Summ           0%         N/A       100%        7


Dungeon Overview and Level Annotations

Branches:
Dungeon (6/15)
 Temple: D:4-7

Altars:

Shops:
D:5 (


Innate Abilities, Weirdness & Mutations

You are a tree.
Your roots penetrate the ground, keeping you stationary.
You cannot be teleported.
You are immune to unholy pain and torment.
Your maximum health is greatly increased.
Your equipment is partially melded.
((You have a pair of large antennae on your head. (SInv)))
((Your movements are less encumbered by armour. (ER -4)))


Message History

Your +2 ring mail of cold resistance melds into your body.
You feel less resistant to cold.
Your roots penetrate the ground.
The wyvern zombie bites you but does no damage.
You barely miss the wyvern zombie.
The wyvern zombie is heavily damaged.
The wyvern zombie bites you but does no damage.
The wyvern zombie bites you.
* * * LOW HITPOINT WARNING * * *
You hit the wyvern zombie but do no damage.
The wyvern zombie is heavily damaged.
The wyvern zombie bites you but does no damage.
You barely miss the wyvern zombie.
You punch the wyvern zombie, but do no damage.
The wyvern zombie is heavily damaged.
The wyvern zombie bites you but does no damage. x2
You hit the wyvern zombie.
The wyvern zombie is heavily damaged.
The wyvern zombie bites you but does no damage.
You barely miss the wyvern zombie.
The wyvern zombie is heavily damaged.
The wyvern zombie bites you.
* * * LOW HITPOINT WARNING * * *
The wyvern zombie bites you but does no damage.
You hit the wyvern zombie but do no damage.
The wyvern zombie is heavily damaged.
The wyvern zombie bites you.
* * * LOW HITPOINT WARNING * * *
You hit the wyvern zombie.
The wyvern zombie is severely damaged.
The wyvern zombie bites you but does no damage.
You hit the wyvern zombie.
The wyvern zombie is severely damaged.
The wyvern zombie bites you but does no damage. x2
You hit the wyvern zombie.
The wyvern zombie is almost destroyed.
The wyvern zombie bites you but does no damage.
You barely miss the wyvern zombie.
The wyvern zombie is almost destroyed.
The wyvern zombie bites you!
You die...

..... ##.#. #....
... .). .# #.# ###.#
#Z# #...# #♣# #.#..
#†##### #.#.#
#.....# #.#.#
#...#.###.#.#
#...#.##<#..#
##.......###.#
..........#.#.##
...........##.##
...........##.######


You could see a wyvern zombie.

Vanquished Creatures
  Grinder (D:3)
  A sky beast (D:6)
  An ogre (D:5)
  A necrophage (D:3)
  A centaur (D:4)
  Blork the orc (D:5)
  A bullfrog (D:3)
  2 scorpions
  2 orc priests
  A gnoll shaman (D:5)
  A jelly (D:5)
  3 iguanas
  Ijyb (D:3)
  3 orc wizards
  A hound skeleton (D:4)
  2 howler monkey zombies (D:5)
  7 adders
  13 gnolls
  3 dart slugs
  26 orcs
  2 bats (D:2)
  9 endoplasms
  2 giant cockroaches
  10 goblins
  6 hobgoblins
  4 quokkas
  4 ball pythons
  4 frilled lizards
  4 kobolds
  3 rats
120 creatures vanquished.

Notes
Turn   | Place    | Note
-------+----------+-------------------------------------------
     0 | D:1      | Icepheonix32 the Demonspawn Ice Elementalist began the
                  | quest for the Orb.
     0 | D:1      | Reached XP level 1. HP: 13/13 MP: 3/3
   273 | D:1      | Gained mutation: You have a pair of small antennae on your
                  | head. [demonic ancestry]
   273 | D:1      | Reached XP level 2. HP: 13/20 MP: 3/5
   284 | D:1      | Reached skill level 4 in Ice Magic
   915 | D:1      | Found a faded altar of an unknown god.
  1131 | D:2      | Reached skill level 1 in Fighting
  1141 | D:2      | Gained mutation: Your movements are slightly less
                  | encumbered by armour. (ER -2) [demonic ancestry]
  1141 | D:2      | Reached XP level 3. HP: 16/26 MP: 1/6
  1355 | D:1      | Learned a level 3 spell: Ozocubu's Armour
  1926 | D:2      | Reached XP level 4. HP: 32/32 MP: 7/7
  2532 | D:2      | Learned a level 3 spell: Frozen Ramparts
  2745 | D:3      | Reached skill level 5 in Ice Magic
  2787 | D:3      | Noticed a necrophage
  2807 | D:3      | Killed a necrophage
  2808 | D:3      | Reached skill level 1 in Armour
  2808 | D:3      | Gained mutation: You have a pair of antennae on your head.
                  | [demonic ancestry]
  2808 | D:3      | Reached XP level 5. HP: 32/38 MP: 2/8
  2986 | D:3      | Noticed Grinder
  3007 | D:3      | Killed Grinder
  3008 | D:3      | Reached skill level 6 in Ice Magic
  3008 | D:3      | Gained mutation: Your movements are less encumbered by
                  | armour. (ER -4) [demonic ancestry]
  3008 | D:3      | Reached XP level 6. HP: 28/46 MP: 1/9
  3180 | D:3      | Noticed Ijyb
  3193 | D:3      | Killed Ijyb
  3915 | D:4      | Gained mutation: You have a pair of large antennae on your
                  | head. (SInv) [demonic ancestry]
  3915 | D:4      | Reached XP level 7. HP: 40/52 MP: 6/10
  5165 | D:5      | Entered Level 5 of the Dungeon
  5172 | D:5      | Noticed Blork the orc
  5183 | D:5      | Killed Blork the orc
  5184 | D:5      | Reached skill level 1 in Axes
  5184 | D:5      | Reached skill level 7 in Ice Magic
  5364 | D:5      | Reached XP level 8. HP: 43/61 MP: 6/11
  6337 | D:5      | Found Xudwouse's Antique Weapon Boutique.
  6492 | D:6      | Slain by a wyvern zombie

Illustrated notes

Levels and vault maps discovered:
D:1:      minmay_arrival_arboretum_large, layout_rooms,
          shapermc_ecumenical_altar_mp_urbaneastern, minmay_misc_feat_columns,
          minmay_misc_feat_enclosed, roderic_serpentine_path
D:2:      layout_loops_cross
D:3:      layout_basic, st_stairs_13, uniq_ijyb, uniq_grinder
D:4:      layout_basic, grunt_decor_arrowhead
D:5:      layout_basic, serial_shops, nicolae_shop_overgrown_old_shop,
          uniq_blork_the_orc
D:6:      layout_loops_ring, st_stairs_3, nicolae_concentric_dashed_squares_wild

Skill      XL: |  1  2  3  4  5  6  7  8 |
---------------+-------------------------+-----
Ice Magic      | 4 5 6 7 |  7.5
Fighting       | 1 2 3 4 |  4.9
Armour         | 1 2 3 |  3.1
Dodging        | 2 |  2.8
Axes           | 2 4 |  4.3
Stealth        | |  1.7
Spellcasting   | |  2.0

Action                   |  1- 3 |  4- 6 |  7- 9 || total
-------------------------+-------+-------+-------++-------
Melee: Dagger            |    33 |   103 |    42 ||   178
       Punch             |       |     6 |     5 ||    11
       Hand axe          |       |       |   178 ||   178
Throw: Boomerang         |     4 |       |       ||     4
 Cast: Freeze            |    37 |     7 |       ||    44
       Ozocubu's Armour  |     2 |    10 |    21 ||    33
       Frozen Ramparts   |       |     4 |    10 ||    14
  Use: Scroll            |     1 |       |     2 ||     3
       Potion            |     1 |       |     5 ||     6
 Stab: Sleeping          |     3 |     1 |       ||     4
Armor: Robe              |     1 |       |       ||     1
       Ring mail         |     5 |    33 |   115 ||   153
       Skin              |       |       |    11 ||    11
Dodge: Dodged            |    33 |    59 |   169 ||   261
